[Event "World Senior chT-65 2019"]
[Site "Rhodes"]
[Date "2019.04.21"]
[Round "6.18"]
[White "Uddenfeldt, Dan"]
[Black "Seret, Jean-Luc"]
[Result "1-0"]
[ECO "A41"]
[WhiteElo "2339"]
[BlackElo "2332"]
[Annotator "NA"]
[PlyCount "83"]
[EventDate "2019.04.16"]
[EventType "team-tourn"]
[EventCountry "GRE"]
[SourceTitle "playchess.com"]
[Source "ChessBase"]
[SourceQuality "1"]
[WhiteTeam "Sweden"]
[BlackTeam "France"]
[WhiteTeamCountry "SWE"]
[BlackTeamCountry "FRA"]
[TimeControl "40/5400+30:1800+30"]

1. d4 d6 2. c4 e5 3. Nf3 e4 4. Ng5 f5 5. g3 Be7 6. h4 Nf6 7. Nc3 O-O 8. e3 c6 9. a3 Na6 10. Bd2 Nc7 11. Be2 Ne6 12. Nh3 c5 13. d5 Nc7 14. Qb3 Nd7 15. Nf4 Ne5 16. a4 g6 17. Nb5 Ne8 18. a5 a6 19. Na3 Rb8 20. Bc3 Bf6 21. Nb1 Ng7 22. Nd2 Bd7 23. Ra2 Be8 24. f3 exf3 25. Bxf3 Qe7 26. Be2 h6 27. Ng2 g5 28. hxg5 hxg5 29. Rh6 Nd7 30. Ra3 Be5 31. Kf2 Nf6 32. Qd1 Ne4+ 33. Nxe4 fxe4+ 34. Kg1 Bxg3 35. Bg4 Bd7 36. Be6+ Bxe6 37. dxe6 Rf3 38. Qd5 Rbf8 39. Ra1 Bf2+ 40. Kh1 Bg3 41. Nf4 Bxf4 42. Qxe4 1-0

[Event "World Senior chT-65 2019"]
[Site "Rhodes"]
[Date "2019.04.21"]
[Round "6.19"]
[White "Sharif, Mehrshad"]
[Black "Hammar, Bengt"]
[Result "1-0"]
[ECO "A05"]
[WhiteElo "2331"]
[BlackElo "2206"]
[Annotator "NA"]
[PlyCount "87"]
[EventDate "2019.04.16"]
[EventType "team-tourn"]
[EventCountry "GRE"]
[SourceTitle "playchess.com"]
[Source "ChessBase"]
[SourceQuality "1"]
[WhiteTeam "France"]
[BlackTeam "Sweden"]
[WhiteTeamCountry "FRA"]
[BlackTeamCountry "SWE"]
[TimeControl "40/5400+30:1800+30"]

1. Nf3 Nf6 2. g3 g6 3. b3 Bg7 4. Bb2 O-O 5. Bg2 c5 6. c4 Nc6 7. O-O d5 8. cxd5 Nxd5 9. Bxg7 Kxg7 10. d4 cxd4 11. Nxd4 Ndb4 12. Nxc6 Nxc6 13. Bxc6 bxc6 14. Qxd8 Rxd8 15. Nc3 Ba6 16. Rfd1 c5 17. Kf1 Rd6 18. Ke1 Rb8 19. Rxd6 exd6 20. Rd1 Rd8 21. Ne4 Re8 22. Rxd6 Bxe2 23. Kxe2 Rxe4+ 24. Kd3 Re7 25. Rd5 Kf6 26. Rxc5 Ke6 27. b4 Kd6 28. a3 h5 29. h4 Re1 30. Ra5 Re7 31. f3 Kc6 32. g4 hxg4 33. fxg4 Kb6 34. h5 gxh5 35. gxh5 Re1 36. Rf5 Rh1 37. Kc4 Rh3 38. Rf6+ Kb7 39. Rxf7+ Kb6 40. Rf6+ Kb7 41. h6 Rxa3 42. Kc5 Rh3 43. Rf7+ Kb8 44. h7 1-0

[Event "World Senior chT-65 2019"]
[Site "Rhodes"]
[Date "2019.04.21"]
[Round "6.20"]
[White "Hedin, Gunnar"]
[Black "Boudre, Jean-Pierre"]
[Result "0-1"]
[ECO "A03"]
[WhiteElo "2195"]
[BlackElo "2246"]
[Annotator "NA"]
[PlyCount "72"]
[EventDate "2019.04.16"]
[EventType "team-tourn"]
[EventCountry "GRE"]
[SourceTitle "playchess.com"]
[Source "ChessBase"]
[SourceQuality "1"]
[WhiteTeam "Sweden"]
[BlackTeam "France"]
[WhiteTeamCountry "SWE"]
[BlackTeamCountry "FRA"]
[TimeControl "40/5400+30:1800+30"]

1. f4 d5 2. Nf3 Bg4 3. e3 Nd7 4. h3 Bxf3 5. Qxf3 Ngf6 6. g4 h6 7. Nc3 e6 8. d3 c6 9. e4 Bb4 10. Bd2 d4 11. Nd1 Bxd2+ 12. Kxd2 Qa5+ 13. Kc1 O-O-O 14. Qf2 e5 15. f5 Kb8 16. Qd2 Qc7 17. Nf2 Ne8 18. Be2 Nd6 19. c4 dxc3 20. bxc3 Nc5 21. Qc2 Qe7 22. h4 Rd7 23. a4 Rhd8 24. Rb1 Nc8 25. a5 Nd6 26. c4 Ne8 27. Rh3 Nc7 28. Nd1 N7a6 29. Nc3 Rd4 30. Rb2 Qc7 31. Na4 Qxa5 32. Nxc5 Nxc5 33. Kb1 Nxe4 34. dxe4 Rd2 35. Qb3 Rxb2+ 36. Qxb2 Qe1+ 0-1

[Event "World Senior chT-65 2019"]
[Site "Rhodes"]
[Date "2019.04.21"]
[Round "6.21"]
[White "Opl, Klaus"]
[Black "Bellin, Robert"]
[Result "1-0"]
[ECO "A93"]
[WhiteElo "2188"]
[BlackElo "2315"]
[Annotator "NA"]
[PlyCount "79"]
[EventDate "2019.04.16"]
[EventType "team-tourn"]
[EventCountry "GRE"]
[SourceTitle "playchess.com"]
[Source "ChessBase"]
[SourceQuality "1"]
[WhiteTeam "Austria"]
[BlackTeam "England"]
[WhiteTeamCountry "AUT"]
[BlackTeamCountry "ENG"]
[TimeControl "40/5400+30:1800+30"]

1. d4 f5 2. Nf3 Nf6 3. g3 e6 4. Bg2 Be7 5. O-O O-O 6. c4 d5 7. b3 Nc6 8. Ba3 Bxa3 9. Nxa3 Qe7 10. Nc2 Bd7 11. Rb1 a5 12. Nce1 Rad8 13. cxd5 exd5 14. Nd3 Nb4 15. Nde5 Ne4 16. Qc1 Be8 17. Qb2 f4 18. a3 Na6 19. Nd3 fxg3 20. hxg3 c6 21. Rbc1 Nc7 22. Nfe5 Nb5 23. a4 Nbd6 24. b4 axb4 25. Qxb4 Qg5 26. Nf4 Qh6 27. a5 Ra8 28. Ra1 Bh5 29. Ra2 Rf6 30. e3 g5 31. Nfd3 g4 32. a6 bxa6 33. Nxc6 Bf7 34. Nce5 Qg7 35. Nf4 h5 36. Rc1 Nb5 37. Qb3 h4 38. Nxf7 Qxf7 39. Qxd5 Rxf4 40. Qxa8+ 1-0

[Event "World Senior chT-65 2019"]
[Site "Rhodes"]
[Date "2019.04.21"]
[Round "6.22"]
[White "Povah, Nigel E"]
[Black "Woeber, Friedrich"]
[Result "1-0"]
[ECO "B13"]
[WhiteElo "2319"]
[BlackElo "2114"]
[Annotator "NA"]
[PlyCount "79"]
[EventDate "2019.04.16"]
[EventType "team-tourn"]
[EventCountry "GRE"]
[SourceTitle "playchess.com"]
[Source "ChessBase"]
[SourceQuality "1"]
[WhiteTeam "England"]
[BlackTeam "Austria"]
[WhiteTeamCountry "ENG"]
[BlackTeamCountry "AUT"]
[TimeControl "40/5400+30:1800+30"]

1. d4 d5 2. Bf4 Nf6 3. e3 c5 4. c3 Nc6 5. Nd2 cxd4 6. exd4 g6 7. Ngf3 Bg7 8. Bd3 O-O 9. O-O Nh5 10. Bg5 Qd6 11. Bb5 Bd7 12. Re1 Rae8 13. Nb3 f6 14. Be3 b6 15. Qd2 e5 16. dxe5 Nxe5 17. Be2 Ng4 18. Bd4 Bh6 19. Qd1 Nf4 20. Bf1 Rxe1 21. Qxe1 Re8 22. Qd1 Ne6 23. g3 Nxd4 24. Qxd4 Re4 25. Qd1 Ne5 26. Nfd2 Ra4 27. Bg2 Bg4 28. Qf1 Nc4 29. Nxc4 dxc4 30. Nd4 Qc7 31. Bc6 Ra5 32. Qxc4+ Kh8 33. Nb5 Be2 34. Qe6 Bxb5 35. Bxb5 Qe5 36. Qc8+ Kg7 37. Qd7+ Kh8 38. a4 Bf8 39. Rd1 a6 40. Qd8 1-0

[Event "World Senior chT-65 2019"]
[Site "Rhodes"]
[Date "2019.04.21"]
[Round "6.23"]
[White "Strobel, Ferdinand"]
[Black "Snape, Ian L"]
[Result "0-1"]
[ECO "A02"]
[WhiteElo "1974"]
[BlackElo "2154"]
[Annotator "NA"]
[PlyCount "94"]
[EventDate "2019.04.16"]
[EventType "team-tourn"]
[EventCountry "GRE"]
[SourceTitle "playchess.com"]
[Source "ChessBase"]
[SourceQuality "1"]
[WhiteTeam "Austria"]
[BlackTeam "England"]
[WhiteTeamCountry "AUT"]
[BlackTeamCountry "ENG"]
[TimeControl "40/5400+30:1800+30"]

1. f4 g6 2. Nf3 Bg7 3. d3 c5 4. c3 Nc6 5. Qc2 e6 6. e4 Nge7 7. Be3 b6 8. Nbd2 Bb7 9. Be2 Rc8 10. O-O Nd4 11. Qd1 Nxe2+ 12. Qxe2 O-O 13. Rac1 d6 14. Rfd1 Qd7 15. b3 e5 16. d4 cxd4 17. cxd4 f5 18. dxe5 fxe4 19. Ng5 Rxc1 20. Rxc1 d5 21. Rd1 h6 22. Nh3 Qc8 23. Nf1 Nf5 24. Bf2 Rd8 25. Ne3 Nxe3 26. Bxe3 Qe6 27. Nf2 Rc8 28. Bd4 Rc7 29. h3 Qc8 30. Qg4 Qf5 31. Qxf5 gxf5 32. g4 Bc8 33. Rd2 h5 34. g5 Bf8 35. Nd1 Bb4 36. Rf2 Rc1 37. Rf1 Ba6 38. Ne3 Bxf1 39. Nxf1 Bc5 40. Bxc5 bxc5 41. Kf2 d4 42. e6 Rc2+ 43. Ke1 e3 44. g6 Kf8 45. Ng3 d3 46. Kf1 Rc1+ 47. Kg2 e2 0-1

[Event "World Senior chT-65 2019"]
[Site "Rhodes"]
[Date "2019.04.21"]
[Round "6.24"]
[White "Quinn, John M"]
[Black "Danner, Lambert"]
[Result "1-0"]
[ECO "A87"]
[WhiteElo "2140"]
[BlackElo "2013"]
[Annotator "NA"]
[PlyCount "103"]
[EventDate "2019.04.16"]
[EventType "team-tourn"]
[EventCountry "GRE"]
[SourceTitle "playchess.com"]
[Source "ChessBase"]
[SourceQuality "1"]
[WhiteTeam "England"]
[BlackTeam "Austria"]
[WhiteTeamCountry "ENG"]
[BlackTeamCountry "AUT"]
[TimeControl "40/5400+30:1800+30"]

1. d4 d6 2. Nf3 f5 3. g3 Nf6 4. Bg2 g6 5. O-O Bg7 6. b3 O-O 7. Bb2 c6 8. c4 e5 9. dxe5 Ng4 10. Nc3 Nxe5 11. Qd2 Qe7 12. Rad1 Nf7 13. Rfe1 Na6 14. e4 Qc7 15. Nd4 fxe4 16. Nxe4 Nc5 17. Nxc5 dxc5 18. Ne6 Bxe6 19. Bxg7 Kxg7 20. Rxe6 Rad8 21. Qc3+ Kg8 22. Rde1 Rd7 23. h4 Nd6 24. h5 Rg7 25. Qe5 Nf5 26. hxg6 hxg6 27. Qxc7 Rxc7 28. Rxg6+ Kf7 29. Rge6 Nd4 30. R6e5 b6 31. R1e4 Kf6 32. Rh5 Kg6 33. Rhe5 Kf6 34. Kf1 Rff7 35. Re8 Kg7 36. Rg4+ Kf6 37. Be4 Rfe7 38. Rh8 Rf7 39. Rf4+ Ke5 40. Rh5+ Ke6 41. Rxf7 Rxf7 42. f4 Kd7 43. Kf2 Re7 44. Rh7 b5 45. Rxe7+ Kxe7 46. g4 a5 47. Ke3 a4 48. bxa4 bxa4 49. a3 Kd6 50. g5 Ke6 51. Bd3 Kf7 52. f5 1-0

[Event "World Senior chT-65 2019"]
[Site "Rhodes"]
[Date "2019.04.21"]
[Round "6.25"]
[White "James, Geoffrey H"]
[Black "Pedersen, Svend"]
[Result "1/2-1/2"]
[ECO "A25"]
[WhiteElo "2144"]
[BlackElo "2178"]
[Annotator "NA"]
[PlyCount "76"]
[EventDate "2019.04.16"]
[EventType "team-tourn"]
[EventCountry "GRE"]
[SourceTitle "playchess.com"]
[Source "ChessBase"]
[SourceQuality "1"]
[WhiteTeam "England"]
[BlackTeam "Denmark"]
[WhiteTeamCountry "ENG"]
[BlackTeamCountry "DEN"]
[TimeControl "40/5400+30:1800+30"]

1. c4 e5 2. g3 Nc6 3. Bg2 g6 4. d3 Bg7 5. Nc3 d6 6. e3 Nh6 7. Nge2 O-O 8. Rb1 Be6 9. b4 Qd7 10. h3 Rae8 11. b5 Nd8 12. Qa4 f5 13. f4 a6 14. Nd5 axb5 15. cxb5 e4 16. Nb4 exd3 17. Nxd3 Qf7 18. Nb4 Bc4 19. Bf3 Ne6 20. Qc2 Nc5 21. Qxc4 Qxc4 22. Bd5+ Qxd5 23. Nxd5 c6 24. Ndc3 Nd3+ 25. Kd2 Nf2 26. Rh2 Ne4+ 27. Nxe4 Rxe4 28. bxc6 bxc6 29. Rb3 Ra8 30. Nc3 Rc4 31. Kd3 d5 32. Rc2 Nf7 33. Ra3 Rb8 34. Rb3 Rxb3 35. axb3 Rb4 36. Ra2 Nd6 37. Kc2 Rb7 38. Ra6 Rc7 1/2-1/2

[Event "World Senior chT-65 2019"]
[Site "Rhodes"]
[Date "2019.04.21"]
[Round "6.26"]
[White "Holst, Per"]
[Black "Bray, David"]
[Result "1-0"]
[ECO "D30"]
[WhiteElo "2150"]
[BlackElo "2121"]
[Annotator "NA"]
[PlyCount "63"]
[EventDate "2019.04.16"]
[EventType "team-tourn"]
[EventCountry "GRE"]
[SourceTitle "playchess.com"]
[Source "ChessBase"]
[SourceQuality "1"]
[WhiteTeam "Denmark"]
[BlackTeam "England"]
[WhiteTeamCountry "DEN"]
[BlackTeamCountry "ENG"]
[TimeControl "40/5400+30:1800+30"]

1. d4 Nf6 2. c4 e6 3. Nf3 d5 4. g3 c6 5. Qc2 Bb4+ 6. Nbd2 O-O 7. Bg2 Nbd7 8. O-O Qe7 9. e4 dxe4 10. Nxe4 Nxe4 11. Qxe4 Nf6 12. Qe2 Bd7 13. Bf4 Bd6 14. Ne5 Rad8 15. Rfd1 Bc8 16. a3 c5 17. dxc5 Bxc5 18. b4 Bb6 19. Be3 Bxe3 20. Qxe3 a5 21. Qb6 axb4 22. axb4 Nd7 23. Qc7 Rfe8 24. Bxb7 Qf6 25. Ng4 Qg5 26. Bf3 Qf5 27. Kg2 e5 28. Ne3 Qg5 29. h4 Qf6 30. Rd6 Qe7 31. Bc6 Kf8 32. Nd5 1-0

[Event "World Senior chT-65 2019"]
[Site "Rhodes"]
[Date "2019.04.21"]
[Round "6.27"]
[White "Stokes, Michael"]
[Black "Hvenekilde, Jorgen"]
[Result "1/2-1/2"]
[ECO "C41"]
[WhiteElo "2092"]
[BlackElo "2046"]
[Annotator "NA"]
[PlyCount "83"]
[EventDate "2019.04.16"]
[EventType "team-tourn"]
[EventCountry "GRE"]
[SourceTitle "playchess.com"]
[Source "ChessBase"]
[SourceQuality "1"]
[WhiteTeam "England"]
[BlackTeam "Denmark"]
[WhiteTeamCountry "ENG"]
[BlackTeamCountry "DEN"]
[TimeControl "40/5400+30:1800+30"]

1. e4 e5 2. Nf3 d6 3. d4 exd4 4. Nxd4 g6 5. Nc3 Bg7 6. Be3 Nf6 7. Be2 O-O 8. Qd2 Re8 9. f3 a6 10. a4 b6 11. Bg5 Bb7 12. Rd1 Nbd7 13. O-O Qe7 14. Bc4 Qf8 15. Nde2 h6 16. Be3 Rad8 17. Nf4 Kh7 18. Qf2 Ne5 19. Bb3 Qe7 20. h3 Qd7 21. Rd2 b5 22. Rfd1 Bc6 23. axb5 axb5 24. Nfd5 Nc4 25. Bxc4 bxc4 26. Bxh6 Kxh6 27. Qh4+ Nh5 28. g4 Bxd5 29. Rxd5 Be5 30. gxh5 g5 31. Qg4 Qxg4+ 32. hxg4 Rb8 33. Rb5 c6 34. Rxb8 Rxb8 35. Na4 Kg7 36. Rb1 Rb4 37. b3 cxb3 38. cxb3 c5 39. Rc1 Rxb3 40. Kg2 Bd4 41. Kg3 Be5+ 42. Kg2 1/2-1/2

[Event "World Senior chT-65 2019"]
[Site "Rhodes"]
[Date "2019.04.21"]
[Round "6.28"]
[White "Grevlund, Per"]
[Black "Hewson, Brian W R"]
[Result "1/2-1/2"]
[ECO "C02"]
[WhiteElo "1998"]
[BlackElo "2004"]
[Annotator "NA"]
[PlyCount "31"]
[EventDate "2019.04.16"]
[EventType "team-tourn"]
[EventCountry "GRE"]
[SourceTitle "playchess.com"]
[Source "ChessBase"]
[SourceQuality "1"]
[WhiteTeam "Denmark"]
[BlackTeam "England"]
[WhiteTeamCountry "DEN"]
[BlackTeamCountry "ENG"]
[TimeControl "40/5400+30:1800+30"]

1. e4 c6 2. d4 d5 3. e5 Bf5 4. Bd3 Bxd3 5. Qxd3 e6 6. Nf3 Qb6 7. O-O c5 8. c3 cxd4 9. cxd4 Nc6 10. Nc3 Nge7 11. Be3 Nf5 12. Rac1 Nxe3 13. fxe3 Be7 14. Rf2 O-O 15. a3 a5 16. Na4 1/2-1/2

[Event "World Senior chT-65 2019"]
[Site "Rhodes"]
[Date "2019.04.21"]
[Round "6.29"]
[White "Rooze, Jan"]
[Black "Vucenovic, Dragomir"]
[Result "1-0"]
[ECO "C54"]
[WhiteElo "2261"]
[BlackElo "2168"]
[Annotator "NA"]
[PlyCount "55"]
[EventDate "2019.04.16"]
[EventType "team-tourn"]
[EventCountry "GRE"]
[SourceTitle "playchess.com"]
[Source "ChessBase"]
[SourceQuality "1"]
[WhiteTeam "Belgium"]
[BlackTeam "Switzerland"]
[WhiteTeamCountry "BEL"]
[BlackTeamCountry "SUI"]
[TimeControl "40/5400+30:1800+30"]

1. e4 e5 2. Nf3 Nc6 3. Bc4 Bc5 4. O-O Nf6 5. d3 d6 6. c3 Bb6 7. a4 a6 8. Na3 O-O 9. Bg5 h6 10. Bh4 Bg4 11. h3 Bxf3 12. Qxf3 g5 13. Bg3 Kg7 14. Nc2 Nh7 15. Ne3 Ne7 16. d4 exd4 17. cxd4 f5 18. Nxf5+ Nxf5 19. exf5 Qf6 20. Qxb7 Qxd4 21. a5 Ra7 22. Qc6 Bc5 23. b3 Nf6 24. Rae1 h5 25. Re7+ Kh6 26. Re6 h4 27. Be5 Qd2 28. Bxf6 1-0

[Event "World Senior chT-65 2019"]
[Site "Rhodes"]
[Date "2019.04.21"]
[Round "6.30"]
[White "Staechelin, Ruedi"]
[Black "Van de Wynkele, Herman"]
[Result "0-1"]
[ECO "D20"]
[WhiteElo "2053"]
[BlackElo "2129"]
[Annotator "NA"]
[PlyCount "102"]
[EventDate "2019.04.16"]
[EventType "team-tourn"]
[EventCountry "GRE"]
[SourceTitle "playchess.com"]
[Source "ChessBase"]
[SourceQuality "1"]
[WhiteTeam "Switzerland"]
[BlackTeam "Belgium"]
[WhiteTeamCountry "SUI"]
[BlackTeamCountry "BEL"]
[TimeControl "40/5400+30:1800+30"]

1. e4 e6 2. d4 d5 3. exd5 exd5 4. Nf3 Bd6 5. c4 dxc4 6. Bxc4 Nf6 7. Qe2+ Be7 8. O-O O-O 9. h3 Nc6 10. Rd1 Bf5 11. a3 Bd6 12. Nc3 Re8 13. Qf1 Qd7 14. Bg5 Ne4 15. Nb5 Nxg5 16. Nxg5 Re7 17. Nxd6 Qxd6 18. Nf3 Bc2 19. Rd2 Be4 20. Rad1 Bxf3 21. gxf3 Qf4 22. Qg2 Re1+ 23. Bf1 Rxd1 24. Rxd1 Nxd4 25. Qg3 Qxg3+ 26. fxg3 Nxf3+ 27. Kf2 Ne5 28. Ke3 f6 29. b3 Kf7 30. Bg2 c6 31. Rc1 Rd8 32. Bf1 Ke7 33. Be2 Rd5 34. b4 Kd6 35. Rc3 c5 36. bxc5+ Rxc5 37. Rb3 b6 38. Bf1 Rc1 39. Ba6 Rh1 40. h4 Re1+ 41. Kf2 Rc1 42. Ke2 Rc2+ 43. Kd1 Rf2 44. Be2 g5 45. hxg5 fxg5 46. Rc3 g4 47. Rb3 h5 48. Ke1 Rf5 49. Rc3 Nf3+ 50. Kd1 Rd5+ 51. Kc1 Rc5 0-1

[Event "World Senior chT-65 2019"]
[Site "Rhodes"]
[Date "2019.04.21"]
[Round "6.31"]
[White "Van Herck, Marcel"]
[Black "Kradolfer, Georg"]
[Result "1-0"]
[ECO "B12"]
[WhiteElo "2066"]
[BlackElo "2048"]
[Annotator "NA"]
[PlyCount "61"]
[EventDate "2019.04.16"]
[EventType "team-tourn"]
[EventCountry "GRE"]
[SourceTitle "playchess.com"]
[Source "ChessBase"]
[SourceQuality "1"]
[WhiteTeam "Belgium"]
[BlackTeam "Switzerland"]
[WhiteTeamCountry "BEL"]
[BlackTeamCountry "SUI"]
[TimeControl "40/5400+30:1800+30"]

1. e4 c6 2. d4 d5 3. e5 Bf5 4. Nc3 e6 5. g4 Bg6 6. Nge2 Bb4 7. h4 Be4 8. Rh3 h5 9. Ng3 hxg4 10. Qxg4 Ne7 11. Ngxe4 dxe4 12. Qxe4 Nf5 13. Bg5 Qxd4 14. Qxd4 Nxd4 15. O-O-O c5 16. Nb5 Ba5 17. Nd6+ Kf8 18. Nxb7 Bb6 19. c3 Nf5 20. Bg2 a5 21. Nd6 Ra6 22. Nc8 Kg8 23. Bb7 Bc7 24. Bxa6 Nxa6 25. Ne7+ Kh7 26. Nxf5 exf5 27. Rd7 Bxe5 28. Rxf7 Nb8 29. Rxf5 Nc6 30. Re3 Bh2 31. Rxc5 1-0

[Event "World Senior chT-65 2019"]
[Site "Rhodes"]
[Date "2019.04.21"]
[Round "6.33"]
[White "Harestad, Thor Geir"]
[Black "Andersson, Kaj"]
[Result "0-1"]
[ECO "D34"]
[WhiteElo "2200"]
[BlackElo "2030"]
[Annotator "NA"]
[PlyCount "62"]
[EventDate "2019.04.16"]
[EventType "team-tourn"]
[EventCountry "GRE"]
[SourceTitle "playchess.com"]
[Source "ChessBase"]
[SourceQuality "1"]
[WhiteTeam "Norway"]
[BlackTeam "Sweden"]
[WhiteTeamCountry "NOR"]
[BlackTeamCountry "SWE"]
[TimeControl "40/5400+30:1800+30"]

1. Nf3 Nf6 2. g3 d5 3. Bg2 c5 4. c4 e6 5. O-O Be7 6. cxd5 exd5 7. d4 O-O 8. Nc3 Nc6 9. Bg5 Re8 10. Rc1 Bg4 11. dxc5 d4 12. Nb5 h6 13. Bf4 Nd5 14. Nbxd4 Nxf4 15. gxf4 Nxd4 16. Qxd4 Qa5 17. Qc4 Be6 18. Qc3 Qxa2 19. Nd4 Bf6 20. e3 Red8 21. Rfd1 Qa4 22. Bxb7 Qd7 23. Be4 Bd5 24. c6 Qg4+ 25. Kf1 Bxe4 26. f3 Bxf3 27. Rd2 Rac8 28. Qa5 Bxd4 29. exd4 Rxd4 30. Rf2 Rxc6 31. Re1 Qh3+ 0-1

[Event "World Senior chT-65 2019"]
[Site "Rhodes"]
[Date "2019.04.21"]
[Round "6.34"]
[White "Gustavsson, Sture"]
[Black "Steedman, James"]
[Result "1/2-1/2"]
[ECO "D05"]
[WhiteElo "1976"]
[BlackElo "2127"]
[Annotator "NA"]
[PlyCount "23"]
[EventDate "2019.04.16"]
[EventType "team-tourn"]
[EventCountry "GRE"]
[SourceTitle "playchess.com"]
[Source "ChessBase"]
[SourceQuality "1"]
[WhiteTeam "Sweden"]
[BlackTeam "Norway"]
[WhiteTeamCountry "SWE"]
[BlackTeamCountry "NOR"]
[TimeControl "40/5400+30:1800+30"]

1. d4 Nf6 2. Nf3 e6 3. e3 b6 4. Bd3 Bb7 5. O-O d5 6. b3 Bd6 7. Bb2 O-O 8. Nbd2 c5 9. Ne5 Nc6 10. f4 Rc8 11. c3 Ne7 12. Qe2 1/2-1/2

[Event "World Senior chT-65 2019"]
[Site "Rhodes"]
[Date "2019.04.21"]
[Round "6.35"]
[White "Johnsen, Oystein"]
[Black "Lundgren, Ulf"]
[Result "0-1"]
[ECO "D02"]
[WhiteElo "1986"]
[BlackElo "1964"]
[Annotator "NA"]
[PlyCount "116"]
[EventDate "2019.04.16"]
[EventType "team-tourn"]
[EventCountry "GRE"]
[SourceTitle "playchess.com"]
[Source "ChessBase"]
[SourceQuality "1"]
[WhiteTeam "Norway"]
[BlackTeam "Sweden"]
[WhiteTeamCountry "NOR"]
[BlackTeamCountry "SWE"]
[TimeControl "40/5400+30:1800+30"]

1. d4 d5 2. Bf4 Nf6 3. e3 c5 4. c3 e6 5. Nd2 Bd6 6. Bg3 Nc6 7. Ngf3 Nh5 8. Bxd6 Qxd6 9. Bb5 Nf6 10. Ne5 O-O 11. Bxc6 bxc6 12. Qa4 Bd7 13. Qa3 Qb8 14. O-O Be8 15. b3 Qb6 16. dxc5 Qc7 17. f4 Nd7 18. Nxd7 Bxd7 19. e4 f6 20. Rae1 Be8 21. Qb2 Bf7 22. e5 f5 23. Nf3 h6 24. Nd4 Rfc8 25. Qe2 Qa5 26. b4 Qa3 27. Qd2 a5 28. Rf2 Kf8 29. Qb2 axb4 30. cxb4 Ke7 31. Rb1 Be8 32. Qxa3 Rxa3 33. Rb3 Rca8 34. Rxa3 Rxa3 35. Rb2 g5 36. g3 gxf4 37. gxf4 Rd3 38. Ne2 Ra3 39. Kg2 Kd8 40. Nd4 Ke7 41. Nb3 Bh5 42. Kg3 Bd1 43. Kh4 Ra4 44. Nd4 Ra3 45. h3 Ba4 46. b5 cxb5 47. Nxb5 Rf3 48. Nd6 Bc6 49. Rb3 Rxf4+ 50. Kh5 Ra4 51. Rb6 Kd7 52. Rb8 d4 53. Kg6 d3 54. Nf7 Bd5 55. Rd8+ Kc7 56. Rf8 d2 57. Nd6 d1=Q 58. Rc8+ Kd7 0-1

[Event "World Senior chT-65 2019"]
[Site "Rhodes"]
[Date "2019.04.21"]
[Round "6.36"]
[White "Andersson, Sven-Olof"]
[Black "Bjorgvik, Jan Arne"]
[Result "1/2-1/2"]
[ECO "D02"]
[WhiteElo "1904"]
[BlackElo "1779"]
[Annotator "NA"]
[PlyCount "28"]
[EventDate "2019.04.16"]
[EventType "team-tourn"]
[EventCountry "GRE"]
[SourceTitle "playchess.com"]
[Source "ChessBase"]
[SourceQuality "1"]
[WhiteTeam "Sweden"]
[BlackTeam "Norway"]
[WhiteTeamCountry "SWE"]
[BlackTeamCountry "NOR"]
[TimeControl "40/5400+30:1800+30"]

1. d4 d5 2. Nf3 Nf6 3. Bf4 e6 4. e3 Bd6 5. Ne5 O-O 6. Bd3 c5 7. c3 Nc6 8. Nxc6 bxc6 9. dxc5 Bxc5 10. Nd2 Bd6 11. Nf3 Qc7 12. Bg5 Be7 13. Bf4 Bd6 14. Bg5 Be7 1/2-1/2

[Event "World Senior chT-65 2019"]
[Site "Rhodes"]
[Date "2019.04.21"]
[Round "6.37"]
[White "Baruch, Andrew J D"]
[Black "Rantanen, Veikko"]
[Result "1-0"]
[ECO "C07"]
[WhiteElo "2039"]
[BlackElo "1971"]
[Annotator "NA"]
[PlyCount "129"]
[EventDate "2019.04.16"]
[EventType "team-tourn"]
[EventCountry "GRE"]
[SourceTitle "playchess.com"]
[Source "ChessBase"]
[SourceQuality "1"]
[WhiteTeam "England"]
[BlackTeam "Finland"]
[WhiteTeamCountry "ENG"]
[BlackTeamCountry "FIN"]
[TimeControl "40/5400+30:1800+30"]

1. e4 e6 2. d4 d5 3. Nd2 c5 4. dxc5 Nc6 5. Ngf3 Bxc5 6. Bd3 Nf6 7. O-O h6 8. Qe2 O-O 9. e5 Nd7 10. c4 Nb6 11. cxd5 exd5 12. Nb3 Be7 13. Bf4 Bg5 14. Bg3 h5 15. h3 g6 16. Nxg5 Qxg5 17. h4 Qg4 18. Rac1 Qxe2 19. Bxe2 Be6 20. Rfd1 Nd7 21. f4 Rac8 22. Bf2 a6 23. Bf3 Ne7 24. Na5 b6 25. Nb7 Rxc1 26. Rxc1 Rc8 27. Rxc8+ Nxc8 28. Be2 b5 29. a4 bxa4 30. Bxa6 Ncb6 31. Nd6 Nc4 32. Nxc4 dxc4 33. Bd4 Bd5 34. Bb5 Nf8 35. Bxa4 Ne6 36. Be3 Kf8 37. Bc2 Ng7 38. Bc5+ Kg8 39. g3 Nf5 40. Kf2 Kg7 41. Bd1 f6 42. Bf3 Be6 43. exf6+ Kxf6 44. Bb4 Kf7 45. Bb7 Kf6 46. Bc3+ Kf7 47. Ba8 Ke7 48. Kf3 Kf7 49. Be1 Kf6 50. Ke4 Nd6+ 51. Kd4 Nb5+ 52. Kc5 Nc7 53. Be4 Bf7 54. Bc3+ Ke7 55. Be5 Ne6+ 56. Kxc4 Nxf4+ 57. Kb5 Ne6 58. b4 Nd8 59. Kb6 Be8 60. b5 Nf7 61. Bf4 Nd6 62. Bc6 Bf7 63. Kc7 Nc4 64. b6 Na5 65. b7 1-0

[Event "World Senior chT-65 2019"]
[Site "Rhodes"]
[Date "2019.04.21"]
[Round "6.38"]
[White "Ranki, Martti"]
[Black "Reuben, Stewart"]
[Result "1/2-1/2"]
[ECO "E11"]
[WhiteElo "1940"]
[BlackElo "1974"]
[Annotator "NA"]
[PlyCount "36"]
[EventDate "2019.04.16"]
[EventType "team-tourn"]
[EventCountry "GRE"]
[SourceTitle "playchess.com"]
[Source "ChessBase"]
[SourceQuality "1"]
[WhiteTeam "Finland"]
[BlackTeam "England"]
[WhiteTeamCountry "FIN"]
[BlackTeamCountry "ENG"]
[TimeControl "40/5400+30:1800+30"]

1. d4 Nf6 2. c4 e6 3. Nc3 Bb4 4. Bd2 c5 5. Nf3 Bxc3 6. Bxc3 Ne4 7. Qc2 Nxc3 8. Qxc3 Qf6 9. Rc1 d6 10. g3 Bd7 11. Bg2 Bc6 12. dxc5 Qxc3+ 13. Rxc3 dxc5 14. O-O Nd7 15. Rd1 Ke7 16. Rcd3 Rad8 17. b3 f6 18. h4 Nb6 1/2-1/2